 Dungeon Crawl Stone Soup version 0.28.0-1-gb440e238dd (webtiles) character file.

Game seed: 8158594076260313281

494 trckry the Caller (level 7, -4/59 HPs)
             Began as an Ogre Summoner on Feb 19, 2022.
             Slain by a wight (11 damage)
             ... on level 4 of the Dungeon.
             The game lasted 00:13:12 (4278 turns).

trckry the Caller (Ogre Summoner)                   Turns: 4278, Time: 00:13:12

Health: -4/59      AC:  4    Str: 13    XL:     7   Next: 15%
Magic:  2/14       EV:  9    Int: 18    God:
Gold:   177        SH:  0    Dex:  9    Spells: 10/16 levels left

rFire   . . .      SeeInvis +   h - +4 quarterstaff (chaos)
rCold   . . .      Faith    .   (shield currently unavailable)
rNeg    . . .      Spirit   .   a - +0 robe
rPois   .          Reflect  .   (helmet restricted)
rElec   .          Harm     .   i - +0 cloak
rCorr   .          Rampage  .   (gloves unavailable)
Will    .....                   (boots unavailable)
Stlth   +.........              (no amulet)
HPRegen 0.19/turn               o - ring of see invisible
MPRegen 0.14/turn               (no ring)

@: no status effects
A: large, unfitting armour, tough skin 1
a: no special abilities


You were on level 4 of the Dungeon.
You visited 1 branch of the dungeon, and saw 4 of its levels.

You collected 177 gold pieces.

Inventory:

Hand Weapons
 h - a +4 quarterstaff of chaos (weapon)
Armour
 a - a +0 robe (worn)
 i - a +0 cloak (worn)
Jewellery
 o - a ring of see invisible (left hand)
Wands
 n - a wand of flame (24)
Scrolls
 b - a scroll of holy word {unknown}
 c - 2 scrolls of vulnerability {unknown}
 d - 2 scrolls of identify {unknown}
 f - 3 scrolls of fog {unknown}
 j - a scroll of silence {unknown}
Potions
 e - 2 potions of attraction {unknown}
 g - a potion of curing {unknown}
 k - a potion of mutation {unknown}
 l - 2 potions of cancellation {unknown}
 m - a potion of degeneration {unknown}


   Skills:
 - Level 1.7 Dodging
 - Level 1.4 Stealth
 + Level 5.1 Spellcasting
 * Level 6.6 Summonings


You had 10 spell levels left.
You knew the following spells:

 Your Spells              Type           Power      Damage    Failure   Level
a - Summon Small Mammal   Summ           100%       N/A       1%          1
b - Call Imp              Summ           28%        N/A       1%          2
c - Call Canine Familiar  Summ           28%        N/A       2%          3

Your spell library contained the following spells:

 Spells                   Type           Power      Damage    Failure   Level
 Summon Guardian Golem    Hex/Summ       16%        N/A       10%         3
 Corpse Rot               Necr/Air       8%         N/A       21%         2
 Poisonous Vapours        Pois/Air       8%         N/A       21%         2
 Summon Lightning Spire   Summ/Air       16%        N/A       32%         4


Dungeon Overview and Level Annotations

Branches:
Dungeon (4/15)
 Temple: D:4-7

Altars:
Dithmenos
Nemelex Xobeh
Okawaru
Qazlal
Yredelemnul
Zin

Annotations:
D:4 1 runed translucent door, PoweredByGinger's ghost, novice MiFi


Innate Abilities, Weirdness & Mutations

You are too large for most types of armour.
You have tough skin. (AC +1)


Message History

Orders for allies: a - Attack new target. r - Retreat! s - Stop attacking. g - Guard the area. f - Follow me.
Anything else - Cancel.
Gang up on whom?
Press: ? - help, Dir - move target, f - bullfrog
Aim: a bullfrog (ally target) Attack!
The bullfrog hits you. x2
You closely miss the bullfrog.
Your hound barely misses the bullfrog.
The bullfrog hits you but does no damage.
Your hound bites the bullfrog.
The bullfrog closely misses you.
You hit the bullfrog. You drain the bullfrog.
The bullfrog is lightly wounded.
Your hound closely misses the bullfrog.
The bullfrog hits you.
Your hound bites the bullfrog.
The wight hits your hound with a +2 hand axe of freezing.
The wight freezes your hound. The bullfrog closely misses you.
You hit the bullfrog. You drain the bullfrog.
The bullfrog is almost dead.
Your hound bites the wight but does no damage.
The bullfrog barely misses you. The wight barely misses your hound.
Your hound barely misses the wight.
The bullfrog hits you but does no damage.
You barely miss the bullfrog.
The bullfrog is almost dead.
Your hound barely misses the wight.
The bullfrog hits you.
The wight hits your hound with a +2 hand axe of freezing!
The wight freezes your hound.
Your hound dies!
Your hound's corpse disappears in a puff of smoke!
The wight barely misses you. The bullfrog closely misses you.
You sock the bullfrog! You burn the bullfrog.
You kill the bullfrog!
The wight hits you with a +0 flail!
You feel drained. The wight completely misses you.
The wight hits you with a +0 flail!
* * * LOW HITPOINT WARNING * * *
Your life force feels restored.
Your Spellcasting skill increases to level 5!
The wight hits you with a +2 hand axe of freezing!
You die...

#..≈≈.§...<(...........# #
#........#######.....######
# #####.#..# #.#...)....# #
##.##.# #####.#....# #.###
#.....# #...#.#..#.###....
##..#### #.....#..#........
#...# #.........z......#
#####..##
#...##.#.#.(.##... #.....##
####@.....#.#.#.....#
#.....#
#..zz....#..≈.≈......
#.....#
#..........≈.≈.≈.....
#...>.#
#........###...#.....
####### ##########
#.≈.#..... #...###### #.


You could see 2 wights.

Vanquished Creatures
  A phantom (D:4)
  A bullfrog (D:4)
  2 scorpions (D:4)
  2 wights (D:4)
  An adder (D:3)
  2 orcs (D:4)
  2 ball pythons
  2 endoplasms
  A giant cockroach (D:3)
  A frilled lizard (D:3)
  3 kobolds
  A rat (D:3)
19 creatures vanquished.

Vanquished Creatures (collateral kills)
  Crazy Yiuf (D:3)
  6 adders
  2 worms
  A dart slug (D:3)
  An orc (D:3)
  7 bats
  An endoplasm (D:3)
  3 giant cockroaches
  5 goblins
  4 jackals (D:3)
  3 quokkas
  A ball python (D:1)
  3 frilled lizards
  3 kobolds
  A rat (D:2)
42 creatures vanquished.

Grand Total: 61 creatures vanquished

Notes
Turn   | Place    | Note
-------+----------+-------------------------------------------
     0 | D:1      | trckry the Ogre Summoner began the quest for the Orb.
     0 | D:1      | Reached XP level 1. HP: 16/16 MP: 3/3
   610 | D:1      | Reached XP level 2. HP: 23/24 MP: 1/5
  1145 | D:2      | Learned a level 2 spell: Call Imp
  1220 | D:2      | Reached skill level 4 in Summonings
  1433 | D:2      | Reached XP level 3. HP: 31/31 MP: 5/7
  1640 | D:2      | Found a faded altar of an unknown god.
  1859 | D:2      | Learned a level 3 spell: Call Canine Familiar
  2076 | D:3      | Found a basalt altar of Yredelemnul.
  2214 | D:3      | Reached XP level 4. HP: 39/39 MP: 9/9
  2240 | D:3      | Found a runed translucent door.
  2241 | D:3      | Noticed Crazy Yiuf
  2312 | D:3      | Killed Crazy Yiuf
  2539 | D:3      | Reached skill level 5 in Summonings
  2544 | D:3      | Reached XP level 5. HP: 45/45 MP: 10/10
  3182 | D:4      | Noticed a phantom
  3204 | D:4      | Killed a phantom
  3330 | D:4      | Reached XP level 6. HP: 17/53 MP: 3/12
  3561 | D:4      | Found a runed translucent door.
  3565 | D:4      | Noticed PoweredByGinger's ghost (novice MiFi)
  3610 | D:4      | Found a stormy altar of Qazlal.
  3657 | D:4      | Found an iron altar of Okawaru.
  3670 | D:4      | Reached skill level 6 in Summonings
  3895 | D:4      | Found a sparkling altar of Nemelex Xobeh.
  3974 | D:4      | Found a shadowy altar of Dithmenos.
  4025 | D:4      | Found a glowing silver altar of Zin.
  4232 | D:4      | Reached XP level 7. HP: 51/59 MP: 1/14
  4277 | D:4      | HP: 7/57 [wight (12)]
  4278 | D:4      | Reached skill level 5 in Spellcasting
  4278 | D:4      | Slain by a wight

Illustrated notes

Levels and vault maps discovered:
D:1:      lemuel_arrival_broad_hall, layout_basic
D:2:      layout_rooms, shapermc_ecumenical_altar_mp_urbaneastern
D:3:      minmay_diamond_boxcup, layout_loops_ring,
          mainiacjoe_overflow_surrounded_room, minmay_joined_circles,
          uniq_crazy_yiuf_cottage
D:4:      layout_rooms, nemelex_dance_club_becter, mainiacjoe_overflow_brackets,
          nicolae_ru_path_of_blood, okawaru_metal_pillars_3,
          grunt_dithmenos_smoke_and_mirrors, nicolae_qazlal_scattered_showers,
          ebering_ghost_sewer_d, minmay_crystal_water

Skill      XL: |  1  2  3  4  5  6  7 |
---------------+----------------------+-----
Summonings     | 4 5 6 |  6.6
Spellcasting   | 3 4 5 |  5.1
Dodging        | |  1.7
Stealth        | |  1.4

Action                   |  1- 3 |  4- 6 |  7- 9 || total
-------------------------+-------+-------+-------++-------
Melee: Quarterstaff      |       |    53 |     5 ||    58
 Cast: Summon Small Mamm |    37 |       |       ||    37
       Call Imp          |     7 |     7 |       ||    14
       Call Canine Famil |     1 |    26 |     2 ||    29
 Stab: Sleeping          |       |     1 |       ||     1
Armor: Robe              |    23 |    34 |     3 ||    60
Dodge: Dodged            |    27 |    35 |     7 ||    69
